 Dungeon Crawl Stone Soup version 0.25-a0-251-g572059c536 (webtiles) character file.

Game seed: 2133670707896497263, levelgen mode: deterministic

1888987 goomeo the Conqueror (level 27, 249/249 HPs)
             Began as a Formicid Fighter on Dec 4, 2019.
             Was the Champion of Cheibriados.
             Escaped with the Orb
             ... and 3 runes!
             The game lasted 03:53:32 (61735 turns).

goomeo the Conqueror (Formicid Fighter)            Turns: 61735, Time: 03:53:33

Health: 249/249    AC: 55    Str: 49    XL:     27
Magic:  41/41      EV: 10    Int: 22    God:    Cheibriados [******]
Gold:   8475       SH: 30    Dex: 25    Spells: 33/39 levels left

rFire    + + +     SeeInvis +   b - +6 executioner's axe of Urgency {chop, Str+4 Int+4}
rCold    . . .     Gourm    .   S - +2 large shield
rNeg     + + +     Faith    .   e - +14 plate armour "Cozisic" {+Blink MR+ rCorr Str-4}
rPois    +         Spirit   .   (helmet unavailable)
rElec    .         Reflect  +   R - +2 cloak of Going Fast {-Tele rPois rF+++ rN+}
rCorr    +         Harm     .   E - +2 pair of gloves of Agnosticism {rF+ rN+ Str-3}
MR       +++..                  A - +2 pair of boots
Stlth    ..........             q - amulet "Hustre Tyel" {Reflect Str+3 SH+2}
HPRegen  0.51/turn              n - ring of Robustness {AC+8}
MPRegen  0.27/turn              h - ring of the Five Eyes {rN++ MP+9 Int-5 Slay+5 Stlth+}

@: very slow
A: permanent stasis, dig shafts and tunnels, four strong arms, antennae 3, claws
1, talons 1, yellow scales 1, deterioration 1, low mp 1, evolution 1
0: Orb of Zot
}: 3/15 runes: barnacled, silver, gossamer
a: Dig, Shaft Self, Bend Time, Temporal Distortion, Slouch, Step From Time,
Renounce Religion


You escaped.
You worshipped Cheibriados.
Cheibriados was exalted by your worship.
You were very full.

You visited 11 branches of the dungeon, and saw 53 of its levels.
You also visited: Trove, Bailey and Ice Cave.

You collected 9472 gold pieces.
You spent 997 gold pieces at shops.

Inventory:

Hand Weapons
 a - a +8 vampiric battleaxe
 b - the +6 executioner's axe of Urgency (weapon) {chop, Str+4 Int+4}
   (You acquired it on level 10 of the Dungeon)

   It inflicts extra damage upon your enemies.
   It affects your strength (+4).
   It affects your intelligence (+4).
 H - the +12 executioner's axe "Ogutwipp" {drain, rElec rPois rF+ Dex+4}
   (You found it in a treasure trove)

   A truly terrible weapon, it drains the life of those it strikes.
   It affects your dexterity (+4).
   It protects you from fire.
   It insulates you from electricity.
   It protects you from poison.
Missiles
 s - 104 boomerangs (quivered)
 v - 48 silver javelins
 z - 20 javelins
 L - 15 throwing nets
Armour
 e - the +14 plate armour "Cozisic" (worn) {+Blink MR+ rCorr Str-4}
   (You found it on level 12 of the Dungeon)

   It affects your strength (-4).
   It affects your resistance to hostile enchantments.
   It lets you blink.
   It provides partial protection from all sources of acid and corrosion.
 A - a +2 pair of boots (worn)
 E - the +2 pair of gloves of Agnosticism (worn) {rF+ rN+ Str-3}
   (You acquired it on level 13 of the Dungeon)

   It affects your strength (-3).
   It protects you from fire.
   It protects you from negative energy.
 R - the +2 cloak of Going Fast (worn) {-Tele rPois rF+++ rN+}
   (You acquired it on level 3 of the Vaults)

   It renders you almost immune to fire.
   It protects you from poison.
   It protects you from negative energy.
   It prevents most forms of teleportation.
 S - a +2 large shield (worn)
Magical Staves
 G - an uncursed staff of wizardry
Jewellery
 h - the ring of the Five Eyes (right hand) {rN++ MP+9 Int-5 Slay+5 Stlth+}
   (You found it in an ice cave)

   [ring of magical power]

   It affects your intelligence (-5).
   It affects your accuracy and damage with ranged weapons and melee attacks
   (+5).
   It greatly protects you from negative energy.
   It affects your magic capacity (+9).
   It makes you more stealthy.
 n - the ring of Robustness (left hand) {AC+8}
   (You found it on level 4 of the Shoals)

   [ring of protection]

   It affects your AC (+8).
 q - the amulet "Hustre Tyel" (around neck) {Reflect Str+3 SH+2}
   (You found it in a treasure trove)

   [amulet of reflection]

   It shields you and reflects attacks.
   It affects your strength (+3).
   It affects your SH (+2).
 F - an uncursed amulet of faith {unknown}
 T - the macabre finger necklace {rN+}
   (You took it off an ironbrand convoker on level 5 of the Vaults)

   [amulet of nothing]

   It protects you from negative energy.
 X - the ring "Dasmucoq" {rC+ AC+3 Int+4}
   (You took it off a yaktaur captain on level 5 of the Vaults)

   [ring of protection]

   It affects your AC (+3).
   It affects your intelligence (+4).
   It protects you from cold.
Wands
 w - a wand of clouds (2)
 x - a wand of iceblast (61)
 I - a wand of paralysis (41)
 Q - a wand of digging (16)
 W - a wand of acid (10)
Scrolls
 c - 3 scrolls of enchant armour
 j - 10 scrolls of fear
 l - 17 scrolls of identify
 p - 22 scrolls of remove curse
 u - 5 scrolls of magic mapping
 J - 8 scrolls of fog
 K - 4 scrolls of immolation
 N - 3 scrolls of summoning
Potions
 d - 2 potions of might
 g - 11 potions of heal wounds
 i - 14 potions of curing
 m - 4 potions of lignification
 t - 7 potions of magic
 B - 3 potions of resistance
 C - 6 potions of ambrosia
 D - 5 potions of invisibility
 O - 3 potions of mutation
 P - 3 potions of cancellation
 U - 6 potions of brilliance
 Y - 3 potions of flight
Miscellaneous
 k - a phantom mirror
 o - a lamp of fire
 y - a lightning rod (4/4)
 M - 4 boxes of beasts
 Z - a phial of floods
Comestibles
 f - 30 rations


   Skills:
 O Level 27 Fighting
 - Level 26.0 Axes
   Level 3.3 Crossbows
 * Level 20.7 Throwing
 - Level 21.9 Armour
 - Level 1.0 Stealth
 - Level 15.0 Shields
 - Level 6.5 Spellcasting
 - Level 6.3 Charms
 - Level 6.5 Necromancy
 * Level 19.1 Invocations
 - Level 8.6 Evocations


You had 33 spell levels left.
You knew the following spells:

 Your Spells              Type           Power        Failure   Level  Hunger
a - Regeneration          Chrm/Necr      #####.....   4%          3    #......
b - Apportation           Tloc           #.....       21%         1    None
c - Song of Slaying       Chrm           #####...     2%          2    None

Your spell library contained the following spells:

 Spells                   Type           Power        Failure   Level  Hunger
 Animate Skeleton         Necr           N/A          1%          1    None
 Pain                     Necr           ####         1%          1    None
 Sublimation of Blood     Necr           #####.....   1%          2    None
 Vampiric Draining        Necr           #####.....   4%          3    #......
 Corpse Rot               Necr/Air       N/A          8%          2    None
 Swiftness                Chrm/Air       ###.....     9%          2    None
 Animate Dead             Necr           N/A          14%         4    ###....
 Confusing Touch          Hex            #.....       21%         1    None
 Corona                   Hex            #......      21%         1    None
 Foxfire                  Conj/Fire      #...         21%         1    None
 Magic Dart               Conj           #...         21%         1    None
 Shock                    Conj/Air       #...         21%         1    None
 Sting                    Tmut/Pois      #...         21%         1    None
 Summon Small Mammal      Summ           #...         21%         1    None
 Call Imp                 Summ           #.......     30%         2    None
 Ensorcelled Hibernation  Hex/Ice        #.....       30%         2    None
 Poisonous Vapours        Pois/Air       #.....       30%         2    None
 Slow                     Hex            #.......     30%         2    None
 Call Canine Familiar     Summ           #.......     52%         3    #......
 Confuse                  Hex            #.......     52%         3    #......
 Conjure Flame            Conj/Fire      #.......     52%         3    #......
 Dazzling Flash           Conj/Hex       #.....       52%         3    #......
 Gell's Gravitas          Tloc           #.........   52%         3    #......
 Ignite Poison            Fire/Tmut/Pois #.......     52%         3    #......
 Inner Flame              Hex/Fire       #.......     52%         3    #......
 Mephitic Cloud           Conj/Pois/Air  #.......     52%         3    #......
 Static Discharge         Conj/Air       #.......     52%         3    #......
 Stone Arrow              Conj/Erth      #.....       52%         3    #......
 Summon Guardian Golem    Hex/Summ       #.......     52%         3    #......
 Tukima's Dance           Hex            #.......     52%         3    #......
 Iskenderun's Battlesphe  Conj/Chrm      ###.....     83%         5    #####..
 Airstrike                Air            #.........   89%         4    ###....
 Ice Form                 Ice/Tmut       #.......     89%         4    ###....
 Olgreb's Toxic Radiance  Pois           #.......     89%         4    ###....
 Petrify                  Tmut/Erth      #.......     89%         4    ###....
 Alistair's Intoxication  Tmut/Pois      #.......     99%         5    #####..
 Irradiate                Conj/Tmut      #.........   99%         5    #####..
 Lightning Bolt           Conj/Air       #.........   99%         5    #####..
 Metabolic Englaciation   Hex/Ice        #.........   99%         5    #####..
 Summon Forest            Summ/Tloc      #.........   99%         5    #####..
 Yara's Violent Unravell  Hex/Tmut       #.........   99%         5    #####..
 Deflect Missiles         Chrm/Air       ###.......   100%        6    ######.
 Eringya's Noxious Bog    Tmut/Pois      #.........   100%        6    ######.
 Freezing Cloud           Conj/Ice/Air   #.........   100%        6    ######.
 Hydra Form               Tmut           #.........   100%        6    ######.
 Ozocubu's Refrigeration  Ice            #.........   100%        6    ######.
 Simulacrum               Ice/Necr       ###.......   100%        6    ######.
 Haunt                    Necr/Summ      ###.......   100%        7    #######
 Malign Gateway           Summ/Tloc      #.........   100%        7    #######
 Monstrous Menagerie      Summ           #.........   100%        7    #######
 Ring of Flames           Chrm/Fire      ###.......   100%        7    #######
 Summon Greater Demon     Summ           #.........   100%        7    #######
 Summon Hydra             Summ           #.........   100%        7    #######
 Borgnjor's Revivificati  Necr           #####.....   100%        8    #######
 Death's Door             Chrm/Necr      #####.....   100%        8    #######
 Discord                  Hex            #.........   100%        8    #######
 Infestation              Necr           #####.....   100%        8    #######
 Necromutation            Tmut/Necr      ###.......   100%        8    #######
 Summon Horrible Things   Summ           #.........   100%        8    #######
 Blink                    Tloc           Unusable     N/A         2    N/A
 Controlled Blink         Tloc           Unusable     N/A         8    N/A

Dungeon Overview and Level Annotations

Branches:
Dungeon (15/15)            Temple (1/1) D:5            Lair (6/6) D:8
 Shoals (4/4) Lair:2       Spider (4/4) Lair:2        Slime (0/5) Lair:6
    Orc (2/2) D:9             Elf (3/3) Orc:2        Vaults (5/5) D:13
  Crypt (3/3) Vaults:3       Tomb (0/3) Crypt:3      Depths (5/5) D:15
    Zot (5/5) Depths:5     Bailey (visited)           IceCv (visited)

Altars:
Ashenzari
Cheibriados
Dithmenos
Elyvilon
Fedhas
Gozag
Hepliaklqana
Kikubaaqudgha
Makhleb
Nemelex Xobeh
Okawaru
Qazlal
Ru
Sif Muna
Trog
Uskayaw
Vehumet
Wu Jian
Xom
Yredelemnul
Zin
The Shining One
Beogh
Jiyva

Shops:
D:11 *   Orc:2 ?}%[   Elf:1 }   Elf:2 ?([   Shoals:1 (   Depths:1 *%
Depths:4 =}=

Portals:
Hell: Depths:1 Depths:2 Depths:3 Depths:4 Depths:5
Abyss: Depths:4
Pandemonium: Depths:1 Depths:3
Ziggurat: Depths:3

Annotations:
D:3 exclusion: downstairs


Innate Abilities, Weirdness & Mutations

You cannot be hasted, slowed, berserked, paralysed or teleported.
You can dig through walls and to a lower floor.
Your four strong arms can wield two-handed weapons with a shield.
You have a pair of large antennae on your head. (SInv)
You have sharp fingernails.
You have sharp toenails.
You are partially covered in yellow scales. (AC +2)
Your body sometimes deteriorates upon taking damage.
Your magical capacity is low. (-10% MP)
You evolve.


Message History

Unknown command.
The monstrous demonspawn hits you.
You block the monstrous demonspawn's attack. x4
The monstrous demonspawn closely misses you.
Things that are here:
a +0 scale mail; a demonic crawler corpse You closely miss the monstrous demonspawn.
The monstrous demonspawn is heavily wounded.
You block the monstrous demonspawn's attack.
The monstrous demonspawn claws you but does no damage.
You block the monstrous demonspawn's attack.
You open the monstrous demonspawn like a pillowcase!!!
You kill the monstrous demonspawn!
Cheibriados appreciates the change of pace.
You feel your intelligence returning.
You extend your mandibles.
You dig through the rock wall.
You retract your mandibles.
There is a staircase leading out of the dungeon here.
You have escaped!

###......#...................##..
.........#...................###.
.........########.........######.
...........(..# #................
......##......# ######...........
....####......############.......
.....# #....[.#...'....♣ #.......
.....# #....[.....####'# ##...#..
.....# #......#.@.#♣♣♣.♣ #......
...).######...#...#♣..♣♣ #......
........#.....#..)#.♣♣♣ #......
..............#####'##### ##.....
..............#.........# ####..
............###.........# #..
.....###....# #.........# #..
.........#### #≈.......≈#######..
.........#### #≈.......≈##.......


There were no monsters in sight!

Vanquished Creatures
  Khufu (Crypt:3)
  8 orbs of fire
  5 ancient liches
  A juggernaut (Depths:5)
  A greater mummy (Crypt:3)
  The ghost of Eptagon the Hoplite, a legendary GrFi of Okawaru (Depths:1)
  Boris (twice) (Depths:5 Vaults:5)
  9 Killer Klowns
  A shard shrike (Zot:5)
  Margery (Vaults:3)
  19 golden dragons
  Jory (Depths:2)
  3 bone dragons
  4 electric golems
  A Brimstone Fiend (Zot:1)
  Jorgrun (Orc:2)
  4 liches
  A Hell Sentinel (D:10)
  20 tentacled monstrosities
  25 Orb Guardians (Zot:5)
  2 pandemonium lords
  2 titans
  4 deep elf blademasters
  5 quicksilver dragons
  Asterion (Elf:1)
  2 deep elf master archers (Elf:3)
  6 sphinxes
  6 tengu reavers
  7 death cobs
  Frances (D:13)
  2 ancient champions
  16 storm dragons
  Donald (Shoals:3)
  Roxanne (Elf:1)
  6 draconian monks
  A revenant (Vaults:3)
  10 shadow dragons
  10 fire giants
  Aizul (Depths:2)
  14 deep elf sorcerers
  13 vault wardens
  10 draconian scorchers
  6 frost giants
  An iron dragon (Zot:1)
  11 draconian knights
  A balrug (Depths:1)
  9 ghost moths
  A caustic shrike zombie (Depths:3)
  9 draconian shifters
  A cacodemon (Depths:1)
  The ghost of EnegeticOcto the Champion of Chaos, a journeyman DDFi of Makhleb (Shoals:1)
  9 emperor scorpions
  2 spriggan defenders (Depths:3)
  20 ironheart preservers
  7 deep elf elementalists
  17 very ugly things
  7 draconian stormcallers
  A reaper (Depths:3)
  A caustic shrike skeleton (Depths:4)
  9 draconian annihilators
  5 ghouls
  13 vampire knights
  5 war gargoyles
  5 entropy weavers
  A juggernaut skeleton (Depths:1)
  8 deep elf demonologists
  12 black draconians
  Nessos (Orc:2)
  15 red draconians
  11 deep elf annihilators
  20 green draconians
  20 stone giants
  A dire elephant (D:15)
  13 yellow draconians
  5 spark wasps
  15 purple draconians
  3 blizzard demons
  5 merfolk javelineers
  16 deep elf death magi
  11 white draconians
  2 eidola (Crypt:2)
  Josephine (D:11)
  2 crystal guardians (Crypt:3)
  17 ettins
  A green death (Zot:5)
  10 fire dragons
  8 merfolk impalers
  17 ogre magi
  12 yaktaur captains
  9 jiangshi
  2 quicksilver dragon zombies (Crypt:3)
  14 great orbs of eyes
  5 deep elf high priests
  10 ice dragons
  29 vault guards
  4 rakshasas
  Harold (D:7)
  2 caustic shrike simulacra
  A hell beast (Zot:5)
  11 centaur warriors
  A spectral sphinx (Depths:1)
  9 hydras
  4 monstrous demonspawn
  4 merfolk avatars
  2 alligator snapping turtles
  2 spriggan air magi (Depths:4)
  6 death knights
  37 dancing weapons
  4 merfolk aquamancers (Shoals:4)
  54 two-headed ogres
  4 deep troll shamans
  4 death yaks (Lair:6)
  2 titan zombies
  5 satyrs
  Urug (Orc:2)
  The ghost of bmj180 the Destroyer, a novice DrCj of Vehumet (D:12)
  4 deep troll earth magi
  7 vampire magi
  A spectral storm dragon (Depths:1)
  5 spriggan berserkers
  10 tengu warriors
  A soul eater (Depths:4)
  3 sun demons
  19 hell knights
  4 titan skeletons
  An iron troll (Depths:2)
  2 storm dragon zombies
  23 skeletal warriors
  24 deep elf knights
  Nergalle (D:10)
  A spectral spriggan (Depths:1)
  6 shadow wraiths
  18 sea snakes
  A fire crab (shapeshifter) (Depths:3)
  2 golden dragon zombies
  4 spriggan druids (Depths:3)
  4 glowing orange brains
  22 deep trolls
  2 unseen horrors
  6 wizards
  A torturous demonspawn (Depths:1)
  Pikel (D:5)
  24 deep elf archers
  2 shadow dragon zombies
  26 harpies
  19 phantasmal warriors
  An infernal demonspawn (Depths:1)
  22 necromancers
  A wolf spider zombie (Crypt:2)
  6 flayed ghosts
  An iron giant skeleton (Crypt:2)
  A tengu zombie (Vaults:4)
  6 frost giant zombies
  A sphinx zombie (Vaults:2)
  A golden dragon skeleton (Depths:1)
  15 orc knights
  A shining eye (shapeshifter) (Depths:3)
  18 orb spiders
  32 wolf spiders
  A mana viper (shapeshifter) (Vaults:5)
  19 ironbrand convokers
  6 fire giant zombies
  20 fauns
  3 orc sorcerers
  65 deep elf magi
  A sphinx skeleton (Crypt:2)
  9 cyclopes
  18 manticores
  A tengu skeleton (Vaults:2)
  22 ugly things
  An oklob plant (Lair:4)
  2 salamanders
  A centaur zombie (D:15)
  22 moths of wrath
  12 merfolk sirens
  An elephant (shapeshifter) (D:11)
  A frost giant skeleton (Crypt:3)
  A shock serpent zombie (Crypt:2)
  10 water nymphs
  Maurice (D:11)
  5 black mambas
  2 stone giant skeletons
  4 human skeletons (Vaults:4)
  An iron dragon skeleton (Crypt:1)
  Joseph (D:7)
  A rust devil (Depths:1)
  A smoke demon (Zot:5)
  15 vault sentinels
  An ice statue (IceCv)
  An orc zombie (Vaults:1)
  A dire elephant zombie (Crypt:3)
  Psyche (D:8)
  5 elephants
  15 spiny frogs
  2 fire giant skeletons
  An eye of devastation (shapeshifter) (Depths:4)
  5 torpor snails
  A yaktaur (shapeshifter) (Vaults:4)
  5 ice devils (IceCv)
  A shock serpent skeleton (Crypt:3)
  15 komodo dragons
  A green draconian zombie (Crypt:1)
  A ghost moth simulacrum (Crypt:1)
  6 rime drakes
  14 freezing wraiths
  A golden dragon simulacrum (Depths:1)
  37 yaktaurs
  3 red devils
  A guardian mummy (Elf:1)
  9 demonic crawlers
  A hellwing (Depths:4)
  8 anaconda simulacra
  A jumping spider (shapeshifter) (Vaults:2)
  41 jumping spiders
  6 tengu conjurers
  9 hornets
  43 merfolk
  5 trolls
  2 large abominations
  6 polar bears
  9 wind drakes
  A polar bear (shapeshifter) (Vaults:2)
  A raiju (Depths:2)
  3 snapping turtles
  2 ettin zombies
  A blink frog (shapeshifter) (Depths:1)
  37 slime creatures
  An alligator zombie (Crypt:1)
  A stone giant simulacrum (Vaults:4)
  2 bog bodies (Crypt:2)
  A dream sheep (Lair:6)
  14 hippogriffs
  18 blink frogs
  2 air elementals
  49 flying skulls
  2 dire elephant simulacra (IceCv)
  2 shadows
  31 tarantellas
  Grum (D:8)
  An ettin skeleton (Vaults:1)
  21 spriggans
  A spriggan (shapeshifter) (Depths:3)
  16 wraiths
  66 redbacks
  20 water elementals
  Eustachio (D:4)
  A yak (shapeshifter) (Vaults:1)
  37 yaks
  2 basilisks
  An elf skeleton (Depths:3)
  A hog (shapeshifter) (Depths:5)
  6 wyverns
  2 hungry ghosts
  16 vampire mosquitoes
  2 neqoxecs (Depths:3)
  A yaktaur simulacrum (Vaults:4)
  2 death yak simulacra (IceCv)
  A soldier ant (shapeshifter) (Vaults:2)
  5 wargs
  2 harpy simulacra (IceCv)
  2 acid dragons
  2 iron troll simulacra (IceCv)
  A swamp worm (shapeshifter) (Depths:4)
  A soldier ant (D:15)
  7 hell hounds
  7 porcupines
  10 water moccasins
  2 hydra simulacra (IceCv)
  27 orc warriors
  3 sky beasts
  3 slaves (D:5)
  3 elf simulacra (Depths:1)
  An ice beast (shapeshifter) (Depths:5)
  A manticore zombie (Crypt:1)
  2 ice beasts
  3 black bears
  55 ogres
  3 phantoms
  2 eyes of draining
  5 necrophages (Crypt:3)
  2 black bears (shapeshifter)
  5 boggarts (Depths:4)
  4 centaurs
  25 wolves
  A swamp dragon skeleton (Crypt:1)
  14 crocodiles
  3 human zombies
  3 big kobolds
  18 bullfrogs
  A gnoll sergeant (D:11)
  5 earth elementals
  4 yaktaur skeletons
  A wyvern zombie (D:11)
  2 glowing shapeshifter simulacra
  A warg zombie (Crypt:1)
  2 scorpions
  A wyvern skeleton (D:7)
  A water moccasin zombie (Crypt:2)
  A queen bee zombie (Crypt:2)
  A warg skeleton (Crypt:1)
  7 killer bees
  17 wights
  10 electric eels
  4 howler monkeys
  10 crimson imps
  A draconian simulacrum (IceCv)
  A bullfrog zombie (D:13)
  6 quasits
  9 hounds
  3 human simulacra
  3 iron imps
  9 jellies
  16 orc priests
  A gnoll shaman (Orc:2)
  2 bullfrog skeletons
  A centaur skeleton (D:12)
  4 iguanas
  Jessica (D:2)
  17 orc wizards
  A polar bear simulacrum (IceCv)
  3 troll simulacra (IceCv)
  8 worker ants
  An ogre skeleton (Crypt:2)
  2 hound zombies
  A hound skeleton (D:6)
  2 mummies (Crypt:3)
  2 worker ant zombies
  33 gnolls
  2 howler monkey skeletons
  11 adders
  3 naga simulacra (IceCv)
  2 ogre simulacra (IceCv)
  12 shadow imps
  6 white imps
  11 ufetubi
  An adder zombie (D:7)
  6 oozes
  A worm (D:3)
  2 dart slugs
  8 leopard geckos
  112 orcs
  2 ball pythons
  4 giant cockroaches
  7 hobgoblins
  10 jackals
  24 kobolds
  7 quokkas
  6 bats
  9 frilled lizards
  10 goblins
  A jackal skeleton (D:5)
  A jackal zombie (Crypt:2)
  A quokka skeleton (Crypt:1)
  4 rats
  4 bushes (Depths:3)
  6 crawling corpses
  3 fungi
  9 plants
2750 creatures vanquished.

Vanquished Creatures (others)
  A vault warden (Vaults:5)
  A stone giant (Vaults:5)
  A deep elf knight (Vaults:1)
  A sea snake (Shoals:4)
  A faun (Shoals:3)
  A moth of wrath (Zot:4)
  2 yaktaurs (Vaults:5)
  A redback zombie (D:12)
  A merfolk (Shoals:4)
  A jumping spider (Spider:4)
  A hippogriff (D:12)
  A redback (Spider:4)
  3 yaks (D:12)
  A human (D:9)
  An orc warrior (Vaults:4)
  An ogre (Depths:1)
  2 killer bees (D:9)
  An orc priest (D:9)
  An ufetubus (IceCv)
  An orc (D:9)
  A quokka (D:12)
  9 fungi
  19 plants
53 creatures vanquished.

Grand Total: 2803 creatures vanquished

Notes
Turn   | Place    | Note
-------+----------+-------------------------------------------
     0 | D:1      | goomeo the Formicid Fighter began the quest for the Orb.
     0 | D:1      | Reached XP level 1. HP: 18/18 MP: 1/1
    79 | D:1      | Reached XP level 2. HP: 23/24 MP: 2/2
   310 | D:1      | Reached XP level 3. HP: 29/30 MP: 3/3
  1018 | D:2      | Reached XP level 4. HP: 35/37 MP: 4/4
  1368 | D:2      | Noticed Jessica
  1383 | D:2      | Killed Jessica
  1383 | D:2      | Reached skill level 4 in Fighting
  1666 | D:2      | Reached skill level 1 in Throwing
  2038 | D:2      | Found a shimmering blue altar of Sif Muna.
  2157 | D:3      | Reached XP level 5. HP: 42/42 MP: 5/5
  2275 | D:3      | Reached XP level 6. HP: 48/48 MP: 6/6
  2488 | D:3      | Found a white marble altar of Elyvilon.
  3010 | D:4      | Reached XP level 7. HP: 51/55 MP: 7/7
  3105 | D:4      | Found a shattered altar of Ashenzari.
  3237 | D:4      | Reached skill level 5 in Axes
  3308 | D:4      | Noticed Eustachio
  3314 | D:4      | Killed Eustachio
  3314 | D:4      | Reached skill level 5 in Armour
  4025 | D:4      | Reached XP level 8. HP: 46/61 MP: 8/8
  4101 | D:5      | Entered Level 5 of the Dungeon
  4177 | D:5      | Reached skill level 5 in Fighting
  4210 | D:5      | Found a staircase to the Ecumenical Temple.
  4231 | Temple   | Entered the Ecumenical Temple
  4608 | Temple   | Became a worshipper of Cheibriados the Contemplative
  4704 | D:5      | Gained mutation: You are weak. (Str -2) [potion of
                  | mutation]
  4704 | D:5      | Gained mutation: You are agile. (Dex +2) [potion of
                  | mutation]
  4949 | D:5      | Reached skill level 1 in Invocations
  5208 | D:5      | Found a glowing silver altar of Zin.
  5208 | D:5      | Found an opulent altar of Gozag.
  5208 | D:5      | Found a stormy altar of Qazlal.
  5511 | D:5      | Noticed Pikel
  5608 | D:5      | Killed Pikel
  5608 | D:5      | Reached XP level 9. HP: 64/68 MP: 8/11
  5719 | D:6      | Reached * piety under Cheibriados
  6637 | D:7      | Reached ** piety under Cheibriados
  7060 | D:7      | Reached XP level 10. HP: 64/76 MP: 10/13
  7122 | D:7      | Reached *** piety under Cheibriados
  7325 | D:7      | Noticed Joseph
  7338 | D:7      | Killed Joseph
  7338 | D:7      | Reached skill level 6 in Fighting
  7518 | D:7      | Noticed Harold
  7541 | D:7      | Killed Harold
  7541 | D:7      | Reached skill level 5 in Throwing
  7541 | D:7      | Reached skill level 5 in Invocations
  8062 | D:8      | Reached **** piety under Cheibriados
  8095 | D:8      | Noticed Grum
  8108 | D:8      | Killed Grum
  8185 | D:8      | Noticed Psyche
  8190 | D:8      | Killed Psyche
  8190 | D:8      | Reached XP level 11. HP: 83/83 MP: 15/15
  8479 | D:8      | Reached skill level 10 in Axes
  8493 | D:8      | Found a staircase to the Lair.
  8639 | D:8      | Reached ***** piety under Cheibriados
  9001 | D:9      | Found a staircase to the Orcish Mines.
  9078 | D:9      | Reached skill level 5 in Shields
  9224 | D:9      | Found a runed translucent door.
  9235 | D:9      | Found a basalt altar of Yredelemnul.
  9789 | D:10     | Entered Level 10 of the Dungeon
  9849 | D:10     | Identified a scroll of acquirement
  9853 | D:10     | Got an iridescent executioner's axe
  9854 | D:10     | Identified the +6 executioner's axe of Urgency {chop, Str+4
                  | Int+4} (You acquired it on level 10 of the Dungeon)
  9986 | D:10     | Noticed Nergalle
 10000 | D:10     | Killed Nergalle
 10000 | D:10     | Reached skill level 7 in Fighting
 10000 | D:10     | Reached skill level 10 in Armour
 10114 | D:10     | Reached ****** piety under Cheibriados
 10255 | D:10     | Noticed a two-headed ogre
 10263 | D:10     | Killed a two-headed ogre
 10350 | D:11     | Noticed a cyclops
 10364 | D:11     | Killed a cyclops
 10430 | D:11     | Noticed Josephine
 10440 | D:11     | Killed Josephine
 10441 | D:11     | Reached XP level 12. HP: 52/91 MP: 14/17
 10767 | D:11     | Found Mihisk's Assorted Antiques.
 10821 | D:11     | Bought an ancient triple crossbow for 255 gold pieces
 10821 | D:11     | Identified the +9 triple crossbow "Haemawn" {freeze, rC+
                  | Str+4 Stlth+} (You bought it in a shop on level 11 of the
                  | Dungeon)
 10868 | D:11     | Noticed an unseen horror
 10893 | D:11     | Killed an unseen horror
 10966 | D:11     | Noticed Maurice
 10978 | D:11     | Killed Maurice
 11239 | D:11     | Noticed a seven-headed hydra
 11250 | D:11     | Killed a seven-headed hydra
 11266 | D:11     | Reached skill level 8 in Fighting
 11402 | D:11     | Learned a level 3 spell: Regeneration
 11621 | D:12     | Noticed a two-headed ogre
 11626 | D:12     | Killed a two-headed ogre
 11626 | D:12     | Reached skill level 1 in Evocations
 11696 | D:12     | Got a dazzling ring mail
 11707 | D:12     | Identified the +5 ring mail of the Beginning {rN+ Int+3
                  | Slay+5} (You found it on level 12 of the Dungeon)
 12244 | D:12     | Found a runed translucent door.
 12244 | D:12     | Noticed bmj180's ghost (novice DrCj)
 12392 | D:12     | Reached XP level 13. HP: 72/98 MP: 19/19
 12976 | D:12     | Got a faintly glowing plate armour
 13013 | D:12     | Identified the +14 plate armour "Cozisic" {+Blink MR+ rCorr
                  | Str-4} (You found it on level 12 of the Dungeon)
 13092 | D:12     | Killed bmj180's ghost
 13179 | D:13     | Reached skill level 1 in Stealth
 13186 | D:13     | Got a pair of pitted gloves
 13197 | D:13     | Identified the +2 pair of gloves of Agnosticism {rF+ rN+
                  | Str-3} (You acquired it on level 13 of the Dungeon)
 13241 | D:13     | Noticed a centaur warrior
 13244 | D:13     | Killed a centaur warrior
 13284 | D:13     | Found a gate to the Vaults.
 13294 | D:13     | Noticed Frances
 13302 | D:13     | Killed Frances
 13302 | D:13     | Reached skill level 1 in Crossbows
 13484 | D:13     | Found a flagged portal.
 13494 | Bailey   | Entered a bailey
 13705 | D:13     | Reached skill level 10 in Invocations
 14312 | D:14     | Noticed a five-headed hydra
 14331 | D:14     | Killed a five-headed hydra
 14331 | D:14     | Reached XP level 14. HP: 66/106 MP: 20/21
 14536 | D:14     | Reached skill level 9 in Fighting
 15496 | D:15     | Entered Level 15 of the Dungeon
 15509 | D:15     | Noticed a dire elephant
 15513 | D:15     | Killed a dire elephant
 15529 | D:15     | Found a staircase to the Depths.
 16454 | Lair:1   | Entered Level 1 of the Lair of Beasts
 17079 | Lair:1   | You fall into a shaft and drop 1 floor!
 17086 | Lair:2   | Reached skill level 15 in Axes
 17174 | Lair:2   | Found a hole to the Spider Nest.
 17345 | Lair:2   | Reached XP level 15. HP: 105/115 MP: 22/22
 17582 | Lair:2   | Identified the cursed +1 scale mail "Azeiviy" {*Slow Dex+8
                  | Slay-5 SInv} (You found it on level 2 of the Lair of
                  | Beasts)
 17593 | Lair:2   | Found a staircase to the Shoals.
 17887 | Lair:3   | Found a hazy altar of Hepliaklqana.
 17922 | Lair:3   | Reached skill level 10 in Fighting
 20629 | Lair:6   | Entered Level 6 of the Lair of Beasts
 21007 | Lair:6   | Found a shattered altar of Ashenzari.
 21022 | Lair:6   | Found a viscous altar of Jiyva.
 21025 | Lair:6   | Reached XP level 16. HP: 124/124 MP: 23/23
 21028 | Lair:6   | Found a staircase to the Slime Pits.
 21721 | Orc:1    | Entered Level 1 of the Orcish Mines
 21804 | Orc:2    | Entered Level 2 of the Orcish Mines
 21892 | Orc:2    | Reached skill level 11 in Fighting
 22290 | Orc:2    | Noticed Urug
 22299 | Orc:2    | Killed Urug
 22331 | Orc:2    | Noticed Nessos
 22342 | Orc:2    | Killed Nessos
 22681 | Orc:2    | Found Dettett's Armour Boutique.
 22681 | Orc:2    | Found Koriopp's Food Shoppe.
 22682 | Orc:2    | Found Zezitesh's Gadget Shoppe.
 22682 | Orc:2    | Found Hoskasiyn's Magic Scroll Shop.
 22886 | Orc:2    | Found a staircase to the Elven Halls.
 22912 | Orc:2    | Noticed Jorgrun
 22930 | Orc:2    | Killed Jorgrun
 23418 | Orc:1    | Found a roughly hewn altar of Beogh.
 23677 | Spider:1 | Entered Level 1 of the Spider Nest
 23698 | Spider:1 | Reached XP level 17. HP: 47/133 MP: 9/24
 24340 | Spider:1 | Reached skill level 10 in Throwing
 24595 | Spider:1 | Reached skill level 15 in Armour
 24826 | Spider:1 | Identified Foxt's Disquisition on Companions and Fire
 25843 | Spider:2 | Found a roughly hewn altar of Beogh.
 26846 | Spider:3 | Reached skill level 12 in Fighting
 28130 | Spider:4 | Entered Level 4 of the Spider Nest
 28230 | Spider:4 | Reached XP level 18. HP: 138/140 MP: 25/25
 28269 | Spider:4 | Reached skill level 10 in Shields
 28964 | Spider:4 | Got a gossamer rune of Zot
 29724 | Vaults:1 | Entered Level 1 of the Vaults
 30686 | Vaults:1 | Reached XP level 19. HP: 144/148 MP: 26/26
 31058 | Vaults:1 | You fall into a shaft and drop 1 floor!
 31073 | Vaults:2 | Reached skill level 13 in Fighting
 32548 | Vaults:3 | Noticed Margery
 32558 | Vaults:3 | Reached XP level 20. HP: 151/157 MP: 27/27
 32581 | Vaults:3 | Killed Margery
 32917 | Vaults:3 | Reached skill level 14 in Fighting
 33450 | Vaults:3 | Found a staircase to the Crypt.
 34284 | Vaults:3 | Noticed a Brimstone Fiend
 34337 | Vaults:4 | Reached XP level 21. HP: 166/166 MP: 28/28
 34545 | Vaults:4 | Reached skill level 15 in Fighting
 35136 | Vaults:4 | Found a sparkling altar of Nemelex Xobeh.
 35255 | Vaults:4 | Reached skill level 15 in Shields
 36533 | Shoals:1 | Entered Level 1 of the Shoals
 36533 | Shoals:1 | Found Digu's Antique Weapon Emporium.
 36647 | Shoals:1 | Reached skill level 16 in Fighting
 36738 | Shoals:1 | Reached XP level 22. HP: 173/178 MP: 29/29
 36853 | Shoals:1 | Found a runed translucent door.
 36855 | Shoals:1 | Noticed EnegeticOcto's ghost (journeyman DDFi)
 37765 | Shoals:2 | Reached skill level 17 in Fighting
 38076 | Shoals:3 | Reached skill level 1 in Charms
 38147 | Shoals:3 | Reached skill level 1 in Necromancy
 38167 | Shoals:3 | Reached skill level 1 in Spellcasting
 38201 | Shoals:3 | Noticed Donald
 38206 | Shoals:3 | Killed Donald
 38206 | Shoals:3 | Reached skill level 15 in Throwing
 38693 | Shoals:4 | Entered Level 4 of the Shoals
 39242 | Shoals:4 | Identified the amulet of Ypantabu {Spirit +Inv MR+} (You
                  | found it on level 4 of the Shoals)
 39447 | Shoals:4 | Reached skill level 18 in Fighting
 39502 | Shoals:4 | Got a barnacled rune of Zot
 39672 | Shoals:4 | Found the ring of Robustness {AC+8}
 40033 | Elf:1    | Entered Level 1 of the Elven Halls
 40105 | Elf:1    | Reached XP level 23. HP: 182/190 MP: 25/30
 40288 | Elf:1    | Noticed Asterion
 40295 | Elf:1    | Killed Asterion
 40579 | Elf:1    | Identified Mahicak's Disquisition on Attacks
 40745 | Elf:1    | Noticed Roxanne
 40762 | Elf:1    | Killed Roxanne
 40791 | Elf:1    | Found Reonoiv's Gadget Shop.
 40931 | Elf:1    | Found a portal to a secret trove of treasure.
 41020 | Elf:2    | Found Dasm's Weapon Emporium.
 41079 | Elf:2    | Found Baen Itu's Antique Armour Emporium.
 41130 | Elf:2    | Found a frozen archway.
 41159 | IceCv    | Entered an ice cave
 41628 | IceCv    | Got a wavering jade ring
 41631 | IceCv    | Identified the ring of the Five Eyes {rN++ MP+9 Int-5
                  | Slay+5 Stlth+} (You found it in an ice cave)
 41761 | Elf:2    | Found a runed translucent gate.
 41761 | Elf:2    | Found a runed translucent gate.
 41965 | Elf:2    | Found a runed translucent gate.
 42013 | Elf:2    | Found Wois's Magic Scroll Boutique.
 42739 | Elf:2    | Reached skill level 5 in Spellcasting
 42743 | Elf:2    | Reached skill level 5 in Charms
 42815 | Elf:2    | Reached skill level 5 in Necromancy
 42857 | Elf:3    | Entered Level 3 of the Elven Halls
 43531 | Elf:3    | Found a shimmering blue altar of Sif Muna.
 43680 | Elf:3    | Reached XP level 24. HP: 200/200 MP: 31/31
 43740 | Elf:3    | Reached skill level 19 in Fighting
 43863 | Elf:3    | Identified the cursed +1 troll leather armour of the
                  | Harvest Moon {rElec Regen+ rCorr Str+2}
 43930 | Elf:3    | Identified the ring of Gefusopt {Ice *Drain +Fly MR++}
 43931 | Elf:3    | Found the +1 cloak of Starlight {rElec rC+ EV+4 Stlth--}
 44063 | Elf:3    | Identified the +9 war axe of the Unseen Realm {freeze,
                  | Int+4} (You found it on level 3 of the Elven Halls)
 44079 | Elf:3    | Identified Ajiwk's Grimoire of Sinister Displacement
 44090 | Elf:3    | Got a coiled copper ring
 44091 | Elf:3    | Identified the ring "Hoega" {-Tele rPois rF+ Dex+7} (You
                  | found it on level 3 of the Elven Halls)
 44230 | Elf:3    | Identified the +7 plate armour "Cumpul" {+Blink rCorr Int-2
                  | SInv} (You found it on level 3 of the Elven Halls)
 44495 | Shoals:1 | Bought a runed demon trident for 522 gold pieces
 44778 | Crypt:1  | Entered Level 1 of the Crypt
 45018 | Crypt:1  | Identified the cursed +0 ring mail "Eruilau" {rElec}
 45550 | Crypt:2  | Reached XP level 25. HP: 191/208 MP: 32/32
 45849 | Crypt:3  | Entered Level 3 of the Crypt
 46118 | Crypt:3  | Found an ancient bone altar of Kikubaaqudgha.
 46121 | Crypt:3  | Noticed an ancient lich
 46126 | Crypt:3  | Killed an ancient lich
 46214 | Crypt:3  | Lost mutation: You are weak. (Str -2) [potion of mutation]
 46214 | Crypt:3  | Lost mutation: You are agile. (Dex +2) [potion of mutation]
 46214 | Crypt:3  | Gained mutation: You are frail. (-10% HP) [potion of
                  | mutation]
 46214 | Crypt:3  | Gained mutation: You have a somewhat thin skeletal
                  | structure. (Dex +2, Stealth) [potion of mutation]
 46230 | Crypt:3  | Found the +5 scythe "Finisher" {speed, eviscerate}
 46448 | Crypt:3  | Found a staircase to the Tomb.
 46637 | Crypt:3  | Noticed Khufu
 46637 | Crypt:3  | Noticed a greater mummy
 46658 | Crypt:3  | Killed a greater mummy
 46659 | Crypt:3  | Killed Khufu
 47036 | Depths:1 | Entered Level 1 of the Depths
 47045 | Depths:1 | Found Vuonom's Food Shoppe.
 47083 | Depths:1 | Found Moxaubi's Elemental Accessories.
 47302 | Depths:1 | Identified the +1 ring mail of Resilience {*Contam rF+
                  | Dex+4} (You found it on level 1 of the Depths)
 47351 | Depths:1 | Found a one-way gate leading to the halls of Pandemonium.
 47352 | Depths:1 | Reached skill level 20 in Fighting
 47728 | Depths:1 | Found a runed translucent gate.
 47730 | Depths:1 | Found a runed translucent gate.
 47730 | Depths:1 | Found a runed translucent gate.
 47733 | Depths:1 | Reached XP level 26. HP: 185/196 MP: 32/32
 47807 | Depths:1 | Noticed an ancient lich
 47807 | Depths:1 | Noticed Eptagon's ghost (legendary GrFi)
 47808 | Depths:1 | Noticed an ancient lich
 48069 | Depths:1 | Found a gateway to Hell.
 48175 | Depths:1 | Reached skill level 5 in Evocations
 48710 | Depths:2 | Noticed Jory
 48720 | Depths:2 | Killed Jory
 48739 | Depths:2 | Found a basalt altar of Yredelemnul.
 49087 | Depths:2 | Noticed Aizul
 49098 | Depths:2 | Killed Aizul
 49482 | Depths:3 | Found a gateway to a ziggurat.
 49895 | Depths:3 | Reached XP level 27. HP: 203/203 MP: 32/32
 49897 | Depths:3 | Identified the +7 war axe of the Magic Mushroom {venom,
                  | rN+}
 50500 | Depths:4 | Reached skill level 21 in Fighting
 50700 | Depths:4 | Found a one-way gate to the infinite horrors of the Abyss.
 50881 | Depths:4 | Found Piyped's Jewellery Emporium.
 50881 | Depths:4 | Found Somed's Gadget Shop.
 50882 | Depths:4 | Found Ijaujad's Jewellery Emporium.
 50892 | Depths:4 | Bought a box of beasts for 220 gold pieces
 51110 | Depths:4 | Learned a level 1 spell: Apportation
 51520 | Vaults:3 | Got a fine cloak
 51521 | Vaults:3 | Identified the +2 cloak of Going Fast {-Tele rPois rF+++
                  | rN+} (You acquired it on level 3 of the Vaults)
 51823 | Elf:1    | You paid a toll of a +7 demon trident to enter a treasure
                  | trove
 51824 | Trove    | Entered a treasure trove
 51832 | Trove    | Got a vibrating bronze amulet
 51833 | Trove    | Identified the amulet "Sirruat" {Faith Str+6} (You found it
                  | in a treasure trove)
 51838 | Trove    | Got a wavering zirconium amulet
 51839 | Trove    | Identified the amulet "Hustre Tyel" {Reflect Str+3 SH+2}
                  | (You found it in a treasure trove)
 51849 | Trove    | Identified the Tome of Boosting Curses
 51854 | Trove    | Learned a level 2 spell: Song of Slaying
 51860 | Trove    | Identified the +12 executioner's axe "Ogutwipp" {drain,
                  | rElec rPois rF+ Dex+4} (You found it in a treasure trove)
 52627 | Shoals:1 | Killed EnegeticOcto's ghost
 53096 | Depths:1 | Killed an ancient lich
 53100 | Depths:1 | Killed an ancient lich
 53138 | Depths:1 | Killed Eptagon's ghost
 53153 | Depths:1 | Got a smoking bone amulet
 53154 | Depths:1 | Identified the amulet "Hero's Friend" {Acrobat rC+} (You
                  | found it on level 1 of the Depths)
 53458 | Depths:5 | Entered Level 5 of the Depths
 53575 | Depths:5 | Noticed a juggernaut
 53581 | Depths:5 | Killed a juggernaut
 53635 | Depths:5 | Noticed Boris
 53645 | Depths:5 | Killed Boris
 54112 | Depths:5 | Found a gate to the Realm of Zot.
 54562 | Vaults:5 | Entered Level 5 of the Vaults
 54575 | Vaults:5 | Identified the cursed +1 dagger of Demonkind {pierce,
                  | Int+3}
 54575 | Vaults:5 | Noticed Boris
 54584 | Vaults:5 | Killed Boris
 54586 | Vaults:5 | Reached skill level 22 in Fighting
 54623 | Vaults:5 | Noticed an ancient lich
 54638 | Vaults:5 | Identified the +6 dire flail "Caont" {freeze, +Blink rPois
                  | Dex+4}
 54639 | Vaults:5 | Killed an ancient lich
 54827 | Vaults:5 | Identified the ring "Cyfumoc" {AC+3 Str+2}
 54857 | Vaults:5 | Identified the +9 spear of Geyggeof {freeze, Str+2}
 54857 | Vaults:5 | Identified the ring "Dasmucoq" {rC+ AC+3 Int+4}
 55417 | Vaults:5 | Lost mutation: You are frail. (-10% HP) [potion of
                  | mutation]
 55417 | Vaults:5 | Lost mutation: You have a somewhat thin skeletal structure.
                  | (Dex +2, Stealth) [potion of mutation]
 55417 | Vaults:5 | Gained mutation: You evolve. [potion of mutation]
 55417 | Vaults:5 | Gained mutation: Your magical capacity is low. (-10% MP)
                  | [potion of mutation]
 55417 | Vaults:5 | Gained mutation: You have sharp toenails. [potion of
                  | mutation]
 55735 | Vaults:5 | Got a silver rune of Zot
 55780 | Vaults:5 | Identified the cursed +1 chain mail of the King of the Hill
                  | {rCorr} (You found it on level 5 of the Vaults)
 55842 | Vaults:2 | Identified a +0 pair of boots of running (You found it on
                  | level 2 of the Vaults)
 56070 | Zot:1    | Entered Level 1 of the Realm of Zot
 56075 | Zot:1    | Noticed an orb of fire
 56092 | Zot:1    | Killed an orb of fire
 56123 | Zot:1    | Reached skill level 23 in Fighting
 56278 | Zot:1    | Gained mutation: You are partially covered in yellow
                  | scales. (AC +2) [evolution]
 56453 | Zot:1    | Identified the Almanac of Changing and Hexes
 56767 | Zot:1    | Noticed an orb of fire
 56770 | Zot:1    | Noticed a Killer Klown
 56776 | Zot:1    | Killed an orb of fire
 56810 | Zot:1    | Killed a Killer Klown
 57210 | Zot:2    | Noticed a Killer Klown
 57220 | Zot:2    | Killed a Killer Klown
 57331 | Zot:2    | Noticed an orb of fire
 57335 | Zot:2    | Killed an orb of fire
 57342 | Zot:2    | You fall into a shaft and drop 2 floors!
 57342 | Zot:4    | Noticed a Killer Klown
 57353 | Zot:4    | Killed a Killer Klown
 57356 | Zot:4    | Reached skill level 24 in Fighting
 57617 | Zot:3    | Reached skill level 15 in Invocations
 58943 | Zot:2    | Reached skill level 25 in Fighting
 59203 | Zot:4    | Gained mutation: You have sharp fingernails. [evolution]
 59357 | Zot:5    | Entered Level 5 of the Realm of Zot
 60055 | Zot:5    | Noticed an orb of fire
 60058 | Zot:5    | Noticed an orb of fire
 60060 | Zot:5    | Gained mutation: Your body sometimes deteriorates upon
                  | taking damage. [an orb of fire]
 60060 | Zot:5    | Noticed an orb of fire
 60061 | Zot:5    | Killed an orb of fire
 60061 | Zot:5    | Reached skill level 26 in Fighting
 60061 | Zot:5    | Noticed an orb of fire
 60062 | Zot:5    | Killed an orb of fire
 60062 | Zot:5    | Noticed an orb of fire
 60064 | Zot:5    | Killed an orb of fire
 60065 | Zot:5    | Noticed a Killer Klown
 60066 | Zot:5    | Killed an orb of fire
 60067 | Zot:5    | Killed an orb of fire
 60068 | Zot:5    | Noticed an ancient lich
 60073 | Zot:5    | Killed an ancient lich
 60076 | Zot:5    | Killed a Killer Klown
 60108 | Zot:5    | Noticed a Killer Klown
 60114 | Zot:5    | Killed a Killer Klown
 60115 | Zot:5    | Noticed a Killer Klown
 60117 | Zot:5    | Noticed a Killer Klown
 60119 | Zot:5    | Noticed a Killer Klown
 60119 | Zot:5    | Noticed a Killer Klown
 60119 | Zot:5    | Noticed a Killer Klown
 60138 | Zot:5    | Killed a Killer Klown
 60140 | Zot:5    | Noticed a shard shrike
 60140 | Zot:5    | a Killer Klown changed into a shard shrike
 60143 | Zot:5    | Killed a shard shrike
 60147 | Zot:5    | Killed a Killer Klown
 60160 | Zot:5    | Killed a Killer Klown
 60177 | Zot:5    | Killed a Killer Klown
 60845 | Zot:5    | Got the Orb of Zot
 60873 | Zot:5    | Noticed Vaokua the pandemonium lord
 60885 | Zot:5    | Killed Vaokua the pandemonium lord
 60952 | Zot:3    | Noticed Ociqyxyh the pandemonium lord
 60958 | Zot:3    | Killed Ociqyxyh the pandemonium lord
 60958 | Zot:3    | Reached skill level 27 in Fighting
 61735 | D:$      | Escaped with the Orb!

Levels and vault maps discovered:
D:1:      scummos_arrival_gate, layout_basic
D:2:      layout_basic, led_sif_pool, uniq_jessica
D:3:      layout_basic, elyvilon_altar_5, minmay_misc_feat_plants
D:4:      layout_basic, kennysheep_mini, uniq_eustachio
D:5:      layout_basic, gammafunk_temple_overflow_forgotten,
          minmay_temple_entry_glass, first_ration, uniq_pikel
D:6:      layout_cave_pods
D:7:      layout_basic, uniq_harold, uniq_joseph
D:8:      layout_cave_pools, erik_lair_island, uniq_psyche, uniq_grum
D:9:      layout_irregular_city, erik_orc_4, hangedman_little_slice_of_home,
          dk_yredelemnul_ordeal
D:10:     layout_roguey, uniq_nergalle
D:11:     layout_rooms, serial_shops, shop, minmay_misc_feat_chi,
          minmay_pinched_square, uniq_josephine, uniq_maurice
D:12:     layout_rooms, ebering_ghost_reflecting_pool, lemuel_flamethrower_hall
D:13:     layout_basic, erik_vaults_1, enter_bailey_7, uniq_frances
D:14:     layout_gridville, kennysheep_boxes, minivault_24
D:15:     hangedman_depths_entry_try_elsewhere_first, layout_small_grid,
          hex_tiny, minmay_crystal_water
Temple:   regret_index_temple_sphere_string
Lair:1:   layout_chaotic_city, serial_bayou_shore_a, grunt_megastairs_2
Lair:2:   layout_chaotic_city, minmay_shoals_entry_lonely_mermaid,
          spider_nest_entry_rubble
Lair:3:   layout_layer_cave, basic_altar, beast_lair_carwin_11
Lair:4:   layout_loops_ring, bh_chokoban, cheibrodos_lair_caveside_slide
Lair:5:   layout_hall_layers
Lair:6:   gammafunk_lair_ancient_temple, layout_hall_layers, slime_altar_1,
          serial_forest, infiniplex_forest_3_way, infiniplex_forest_corner_1,
          infiniplex_forest_straight_2, infiniplex_forest_clump_tiny,
          infiniplex_forest_clump_double, infiniplex_forest_clump_medium,
          st_stairs_4, lemuel_altar_in_water2
Shoals:1: layout_shoals, ebering_ghost_inner_flame, serial_shops,
          nicolae_shop_crystal
Shoals:2: layout_shoals
Shoals:3: layout_shoals, nicolae_shoals_square_sea_wall, uniq_donald
Shoals:4: shoals_end_simple, layout_shoals
Spider:1: layout_spider_delve
Spider:2: nicolae_spider_mines_2
Spider:3: layout_chambers
Spider:4: grunt_spider_rune_circles
Orc:1:    layout_caves, minmay_orc_temple_b
Orc:2:    st_orc_ogre_mass, layout_caves, rock_pile, uniq_nessos, uniq_urug,
          uniq_jorgrun
Elf:1:    eino_elf_arrival_shootout, layout_loops_cross, serial_shops,
          nicolae_shop_behind_doors, nicolae_trove_entry_path_of_doom,
          minmay_elf_annihilation, uniq_asterion, uniq_roxanne
Elf:2:    layout_loops_cross, portal_ice_cave_entry_pillars_three, serial_shops,
          shop_coins, shop, shop_statue, hangedman_glass_teeth,
          kilobyte_mutagenic_chamber
Elf:3:    minmay_elf_hall_four_x, layout_onion_city, basic_altar, drop_trap,
          ebering_dispersal_statue_hall, serial_sigils_hangedman_stare,
          grunt_ministairs_14, sword_in_stone
Vaults:1: ontoclasm_vaults_misaligned, hangedman_vaults_stagger, v_misc_14,
          nicolae_vaults_triangles, ontoclasm_vaults_hangar,
          hangedman_vaults_trim, nicolae_vaults_what_the_h,
          nicolae_vaults_gold_heap, vaults_mumra_hex, layout_vaults_omnigrid
Vaults:2: nicolae_vaults_network_star, nicolae_vaults_network_periphery,
          grunt_vaults_trifunnel, hangedman_vaults_impose, v_pattern_5,
          ontoclasm_vaults_spin, hangedman_vaults_capsules,
          ontoclasm_vaults_twist, vaults_room_ringed_pool,
          nicolae_vaults_little_squares_5, vaults_dpeg_encased_lava,
          layout_vaults_omnicross
Vaults:3: v_misc_29, nicolae_vaults_three_branches, hangedman_vaults_restitches,
          st_hourglassy, v_misc_4, hangedman_vaults_locks,
          vaults_mumra_minichess, minmay_crypt_entry_simple_walls,
          grunt_vaults_diagonal, v_misc_17, layout_vaults_ring, uniq_margery
Vaults:4: vaults_standard_mumra_x, ontoclasm_vaults_hangar, st_smaller_cells,
          vaults_mumra_chevron, ontoclasm_vaults_ring_square, v_rooms_6,
          serial_ice_m, v_misc_30, grunt_vaults_hallway_long,
          nicolae_vaults_rhombus_5, nicolae_vaults_little_squares_3, v_rooms_3,
          vaults_room_door_hall, vaults_mumra_minichess_inversion,
          layout_vaults_omnibox, basic_altar
Vaults:5: serial_shops
Crypt:1:  layout_misc_corridors
Crypt:2:  layout_rooms, lemuel_freeze_loot_1
Crypt:3:  cryptofortress_bobbens, uniq_khufu
Depths:1: layout_basic, serial_shops, shop, corexii_corridor_pit,
          gammafunk_ghost_necromancy, grunt_pan_entry_sceptre,
          grunt_hell_entry_dis_grunt, minmay_statues_item, st_stairs_9,
          nicolae_elemental_shop, roderic_lattice_a, chequers_jeans,
          kennysheep_kite_vault
Depths:2: lemuel_vampire_tower, layout_gridlike, hell_entry,
          hangedman_abyss_or_decor_jellyfish_corner, uniq_aizul
Depths:3: minmay_spriggan_fort, layout_cave_pools, enter_ziggurat_f,
          hangedman_decor_peaks_small, grunt_pan_entry_in_and_out, hell_entry,
          minmay_misc_feat_rugged, serial_bayou_shore_b, minmay_staircase_bubble
Depths:4: minmay_distorted_concentric_squares, layout_small_grid,
          abyss_entry_crystal, hellmouth_1, chequers_serial_rivers_marsh,
          hangedman_aviary, minmay_staircase_windowed_small, minmay_shop_grove
Depths:5: evilmike_zot_entry_diamond, layout_small_grid, nicolae_sextant,
          hell_entry, hangedman_decor_lopped, uniq_boris
Zot:1:    grunt_zot_stairs_mandelzot, layout_basic, st_large_dragon_hoard_4
Zot:2:    layout_concentric_octagons, st_stairs_6
Zot:3:    layout_gridlike, st_stairs_13, grunt_ministairs_4, grunt_megastairs_3
Zot:4:    layout_misc_corridors
Zot:5:    layout_gridlike, st_stairs_10, hangedman_zot_decor_scrapings

Skill      XL: |  1  2  3  4  5  6  7  8  9 10 11 12 13 14 15 16 17 18 19 20 21 22 23 24 25 26 27 |
---------------+----------------------------------------------------------------------------------+-----
Armour         | 4 5 7 8 9 10 11 12 13 14 15 16 17 18 19 21 | 21.9
Fighting       | 4 5 6 7 8 9 10 11 12 13 14 16 18 19 20 27 | 27.0
Axes           | 3 4 6 7 8 9 11 12 13 15 16 17 18 19 20 21 22 23 26 | 26.0
Throwing       | 1 2 3 4 5 6 8 9 11 12 13 14 15 16 20 | 20.7
Invocations    | 2 4 5 7 9 10 11 19 | 19.1
Shields        | 4 5 7 8 9 11 12 13 15 | 15.0
Evocations     | 1 4 7 8 |  8.6
Stealth        | 1 |  1.0
Crossbows      | 2 3 |  3.3
Charms         | 3 5 6 |  6.3
Necromancy     | 3 5 6 |  6.5
Spellcasting   | 3 5 6 |  6.5

Action                   |  1- 3 |  4- 6 |  7- 9 | 10-12 | 13-15 | 16-18 | 19-21 | 22-24 | 25-27 || total
-------------------------+-------+-------+-------+-------+-------+-------+-------+-------+-------++-------
Melee: War axe           |    87 |   210 |   387 |   185 |       |       |       |       |       ||   869
       Hand axe          |       |       |       |    99 |       |       |       |       |       ||    99
       Executioner's axe |       |       |       |   215 |   631 |   410 |   133 |   426 |  1101 ||  2916
       Battleaxe         |       |       |       |       |       |   583 |  1095 |   762 |  1162 ||  3602
 Fire: Triple crossbow   |       |       |       |       |     9 |       |       |       |       ||     9
Throw: Dart              |    12 |    41 |    36 |    26 |    43 |   219 |    15 |       |       ||   392
       Boomerang         |       |     1 |    45 |    57 |    51 |    51 |       |   246 |    76 ||   527
       Javelin           |       |       |       |     5 |       |       |     2 |    16 |    19 ||    42
 Cast: Regeneration      |       |       |       |       |       |       |       |    18 |    48 ||    66
       Song of Slaying   |       |       |       |       |       |       |       |       |    49 ||    49
Invok: Bend Time         |       |       |       |     1 |     1 |     1 |       |       |       ||     3
       Slouch            |       |       |       |       |     3 |     1 |     6 |     3 |     8 ||    21
 Abil: Dig               |       |       |       |       |       |       |       |       |    22 ||    22
Evoke: Wand              |       |       |       |     7 |    16 |     3 |       |     1 |     5 ||    32
  Use: Scroll            |       |       |     8 |    11 |    11 |     7 |     1 |    12 |    24 ||    74
       Potion            |       |       |     1 |     1 |     2 |     2 |       |       |    16 ||    22
 Stab: Paralysed         |       |       |       |       |       |     2 |       |       |       ||     2
       Distracted        |       |       |       |       |       |     1 |     1 |       |     2 ||     4
       Confused          |       |       |       |       |       |       |       |       |     2 ||     2
       Invisible         |       |       |       |       |       |       |       |       |     2 ||     2
       Held in net/web   |       |       |       |       |       |       |       |       |     1 ||     1
  Eat: Chunk             |       |     7 |     9 |     8 |    16 |    18 |    14 |    14 |    14 ||   100
       Ration            |       |       |     1 |       |     1 |       |       |     2 |    15 ||    19
Armor: Scale mail        |    37 |    15 |       |       |       |       |       |       |       ||    52
       Crystal plate arm |       |   161 |   272 |   351 |       |       |       |       |       ||   784
       Ring mail         |       |       |       |     5 |    18 |       |       |       |       ||    23
       Plate armour      |       |       |       |       |   557 |   801 |   467 |   596 |  1018 ||  3439
Dodge: Dodged            |    26 |    41 |    38 |   105 |   304 |   310 |   198 |   291 |   462 ||  1775
Block: Shield            |    39 |   138 |   212 |   388 |   735 |   377 |       |       |       ||  1889
       Large shield      |       |       |       |       |       |   728 |  1176 |  1454 |  2646 ||  6004
       Reflection        |       |       |       |       |       |       |       |       |    81 ||    81

Table legend:
 A = Non-vault XP
 B = Vault XP
 C = Vault XP percentage of total XP
 D = Non-vault monster count
 E = Vault monster count
 F = Vault count percentage of total count
                 A         B        C        D         E       F
            +---------+---------+-------+---------+---------+-------
      Total |  982827 |  979106 |  49.9 |    1699 |    1018 |  37.5
            +---------+---------+-------+---------+---------+-------
        D:1 |      31 |       0 |   0.0 |      18 |       0 |   0.0
        D:2 |      70 |      37 |  34.6 |      23 |       1 |   4.2
        D:3 |     294 |       0 |   0.0 |      27 |       0 |   0.0
        D:4 |     489 |     202 |  29.2 |      21 |       1 |   4.5
        D:5 |     532 |     685 |  56.3 |      21 |       1 |   4.5
        D:6 |     672 |       0 |   0.0 |      22 |       0 |   0.0
        D:7 |    1458 |    1426 |  49.4 |      46 |       2 |   4.2
        D:8 |     975 |    1669 |  63.1 |      30 |      11 |  26.8
        D:9 |    1210 |     618 |  33.8 |      17 |      23 |  57.5
       D:10 |    1615 |     789 |  32.8 |      24 |       1 |   4.0
       D:11 |    5293 |    6808 |  56.3 |      48 |      22 |  31.4
       D:12 |    6052 |     860 |  12.4 |      42 |       1 |   2.3
       D:13 |    6641 |    3994 |  37.6 |      20 |       7 |  25.9
       D:14 |    7676 |       0 |   0.0 |      31 |       0 |   0.0
       D:15 |    8812 |    2275 |  20.5 |      30 |       3 |   9.1
     Lair:1 |    6679 |     644 |   8.8 |      26 |       2 |   7.1
     Lair:2 |    6238 |     808 |  11.5 |      26 |       2 |   7.1
     Lair:3 |    5260 |     485 |   8.4 |      20 |       3 |  13.0
     Lair:4 |    3660 |       0 |   0.0 |      12 |       0 |   0.0
     Lair:5 |    6656 |       0 |   0.0 |      21 |       0 |   0.0
     Lair:6 |   14494 |    9763 |  40.2 |      46 |      26 |  36.1
   Shoals:1 |   21924 |    2158 |   9.0 |      40 |       2 |   4.8
   Shoals:2 |   17614 |       0 |   0.0 |      35 |       0 |   0.0
   Shoals:3 |   16449 |    2007 |  10.9 |      31 |       1 |   3.1
   Shoals:4 |   20587 |   19967 |  49.2 |      43 |      35 |  44.9
   Spider:1 |   16618 |       0 |   0.0 |      44 |       0 |   0.0
   Spider:2 |   14970 |    1018 |   6.4 |      46 |       3 |   6.1
   Spider:3 |   16300 |       0 |   0.0 |      42 |       0 |   0.0
   Spider:4 |   16098 |   20548 |  56.1 |      38 |      35 |  47.9
      Orc:1 |     862 |     255 |  22.8 |       3 |      17 |  85.0
      Orc:2 |    6174 |   25932 |  80.8 |      48 |      48 |  50.0
      Elf:1 |   13492 |   11140 |  45.2 |      21 |      14 |  40.0
      Elf:2 |   23354 |   25578 |  52.3 |      34 |      31 |  47.7
      Elf:3 |   12836 |   66410 |  83.8 |      19 |      47 |  71.2
   Vaults:1 |   21690 |   25090 |  53.6 |      33 |      42 |  56.0
   Vaults:2 |   26548 |   25253 |  48.8 |      32 |      34 |  51.5
   Vaults:3 |   37979 |   40986 |  51.9 |      54 |      44 |  44.9
   Vaults:4 |   36548 |   41539 |  53.2 |      77 |      50 |  39.4
   Vaults:5 |   38534 |  116250 |  75.1 |      47 |      79 |  62.7
    Crypt:1 |   41533 |       0 |   0.0 |      58 |       0 |   0.0
    Crypt:2 |   15918 |       0 |   0.0 |      26 |       0 |   0.0
    Crypt:3 |       0 |   79998 | 100.0 |       0 |      94 | 100.0
   Depths:1 |   41274 |   50461 |  55.0 |      48 |      46 |  48.9
   Depths:2 |   35293 |   30898 |  46.7 |      42 |      46 |  52.3
   Depths:3 |   26962 |   16123 |  37.4 |      34 |      40 |  54.1
   Depths:4 |   46189 |   26457 |  36.4 |      56 |      23 |  29.1
   Depths:5 |   22461 |   24909 |  52.6 |      12 |      11 |  47.8
      Zot:1 |   94459 |   82918 |  46.7 |      55 |      46 |  45.5
      Zot:2 |   61854 |    7283 |  10.5 |      30 |       2 |   6.2
      Zot:3 |   37284 |   24961 |  40.1 |      18 |      14 |  43.8
      Zot:4 |   66669 |       0 |   0.0 |      34 |       0 |   0.0
      Zot:5 |   49547 |  168151 |  77.2 |      28 |      43 |  60.6
     Bailey |       0 |     752 | 100.0 |       0 |      13 | 100.0
      IceCv |       0 |   11001 | 100.0 |       0 |      52 | 100.0
            +---------+---------+-------+---------+---------+-------
